AoeStats
← smt001

Arena

504568801Analyzed
1v1 RM · 27d ago on Sep 5, 2026· 53m 53s· 2 players
Game mode
Random Map
Map size
Tiny (2 player)
Population
200
Speed
Normal
Resources
Standard
Victory
Conquest
Starting age
Dark Age
Ending age
Imperial Age
RankedLock teamsTeams togetherTeam positionsShared explorationLock speedFull tech treeHidden civsTurbo modeCheats
Victory
Defeat
🇨🇴 Italians · Colombia
859
+15
🇩🇪 Poles · Germany
848
-15
smt001
10:23 Feudal Age
13:44 Loom
15:11 Double-Bit Axe
18:02 Castle Age
16:31 Horse Collar
18:19 Bloodlines
18:23 Forging
24:29 Bow Saw
28:07 Heavy Plow
31:17 Imperial Age
31:13 Szlachta Privileges
32:20 Wheelbarrow
31:31 Town Watch
31:50 Capped Ram
33:15 Iron Casting
32:49 Scale Barding Armor
34:17 Conscription
34:00 Husbandry
35:20 Cavalier
40:13 Blast Furnace
38:52 Light Cavalry
41:51 Chain Barding Armor
42:38 Winged Hussar
49:27 Fletching
49:38 Padded Archer Armor
50:20 Elite Skirmisher
51:25 Bodkin Arrow
51:45 Leather Archer Armor
51:03 Pikeman
51:44 Squires
51:30 Arson
53:06 Bracer
kevin.adhira19
0:34 Loom
10:48 Feudal Age
11:13 Double-Bit Axe
13:13 Wheelbarrow
15:11 Wheelbarrow
15:34 Horse Collar
23:12 Castle Age
21:23 Fletching
21:49 Padded Archer Armor
23:29 Light Cavalry
23:35 Crossbowman
24:12 Bodkin Arrow
24:34 Heavy Plow
25:32 Leather Archer Armor
26:16 Ballistics
26:07 Fortified Wall
28:34 Forging
28:30 Scale Barding Armor
29:51 Iron Casting
29:43 Masonry
30:48 Chain Barding Armor
35:10 Imperial Age
36:57 Chemistry
38:31 Bracer
39:45 Ring Archer Armor
42:08 Blast Furnace
41:43 Plate Barding Armor
43:06 Hand Cart
Connection lost

Rejoining the realm…

Still unreachable

The connection could not be restored.

Session expired

The server has moved on; the page needs a fresh start.